[Event "Titled Tuesday Blitz November 01 Early 2022"]
[White "Zilleruelo Irizarry, Diego"]
[Black "Laohawirapap, Prin"]
[WhiteFideId "3101460"]
[BlackFideId "6205003"]
[WhiteElo "1998"]
[BlackElo "2113"]
[Result "0-1"]
[Round "05"]
[TimeControl "180+1"]
[Date "2022.11.02"]
[WhiteClock "0:00:13"]
[BlackClock "0:01:14"]

1. e4 e6 2. d4 d5 3. Nd2 Nf6 4. e5 Nfd7 5. Bd3 c5 6. c3 Nc6 7. Ne2 cxd4 8. cxd4 f6 9. exf6 Nxf6 10. O-O Bd6 11. Nf3 O-O 12. Bf4 Nh5 13. Bxd6 Qxd6 14. Re1 Rxf3 15. gxf3 Bd7 16. Rc1 Rf8 17. Kg2 Qe7 18. Rg1 Qh4 19. Bb1 e5 20. dxe5 Qh3+ 21. Kh1 Qxf3+ 22. Rg2 Bh3 23. Qf1 Bxg2+ 24. Qxg2 Qxe2 25. Qxd5+ Kh8 26. Qe4 Qxe4+ 27. Bxe4 Nxe5 28. Bxb7 g6 29. Rc8 Rxc8 30. Bxc8 Nd3 31. b3 Nxf2+ 32. Kg2 Nd3 33. a4 Nc5 34. Bg4 Nxb3 35. Bxh5 gxh5 36. Kg3 Kg7 37. Kh4 Kg6 38. h3 Nc5 39. a5 Nb3 40. a6 Nc5 0-1


[Site "https://www.chess.com"]

[Event "Titled Tuesday Blitz November 01 Early 2022"]
[White "parintele_chess"]
[Black "Ismayil, Malak"]
[BlackFideId "13412604"]
[WhiteElo "2211"]
[BlackElo "1879"]
[Result "1/2-1/2"]
[Round "05"]
[TimeControl "180+1"]
[Date "2022.11.02"]
[WhiteClock "0:00:27"]
[BlackClock "0:00:03"]

1. d4 Nf6 2. Bf4 g6 3. Nf3 Bg7 4. c3 O-O 5. Nbd2 d6 6. e4 c6 7. Bd3 Nbd7 8. O-O Re8 9. h3 e5 10. Bh2 Qb6 11. Nc4 Qc7 12. dxe5 dxe5 13. Bc2 b5 14. Nd6 Re6 15. Nxc8 Rxc8 16. Bb3 Re7 17. Qe2 Nc5 18. Bc2 Nh5 19. b4 Ne6 20. Rad1 Nhf4 21. Bxf4 Nxf4 22. Qe3 a5 23. a3 a4 24. c4 Ne6 25. c5 Nd4 26. Bb1 Rd8 27. Nxd4 exd4 28. Qd3 Be5 29. g3 h5 30. f4 Bg7 31. Kg2 Qc8 32. f5 Be5 33. Ba2 Kg7 34. Rf3 g5 35. Rdf1 f6 36. Qe2 Rh8 37. h4 g4 38. Rd3 Qc7 39. Be6 Rd8 40. Qd1 Qb7 41. Qe2 Qc7 42. Qd1 Rde8 43. Qe2 Qd8 44. Qd1 Qc7 45. Qe2 Rd8 1/2-1/2


[Site "https://www.chess.com"]

[Event "Titled Tuesday Blitz November 01 Early 2022"]
[White "Aaditya Dhingra"]
[Black "Clawitter, Craig"]
[WhiteFideId "25678191"]
[BlackFideId "2023105"]
[WhiteElo "2054"]
[BlackElo "2299"]
[Result "1-0"]
[Round "06"]
[TimeControl "180+1"]
[Date "2022.11.02"]
[WhiteClock "0:01:42"]
[BlackClock "0:00:39"]

1. e4 e6 2. d3 d5 3. Nd2 Nf6 4. Ngf3 Bc5 5. e5 Nfd7 6. g3 Be7 7. Bg2 c5 8. O-O Nc6 9. Re1 Qc7 10. Qe2 Nd4 11. Nxd4 cxd4 12. Nf3 Bc5 13. h4 a5 14. a4 Nb6 15. h5 h6 16. Bf4 Bd7 17. b3 Rc8 18. Red1 Bb4 19. Ra2 Bc3 20. Bc1 O-O 21. Ba3 Rfe8 22. g4 Qd8 23. Bc1 Na8 24. g5 hxg5 25. Bxg5 Qc7 26. h6 g6 27. Nh2 b5 28. Ng4 bxa4 29. Qf3 Bb4 30. h7+ Kxh7 31. Qxf7+ 1-0


[Site "https://www.chess.com"]

[Event "Titled Tuesday Blitz November 01 Early 2022"]
[White "Acosta Cruz, Oscar Yosimar"]
[Black "Estrada Nieto, Julian"]
[WhiteFideId "5111269"]
[BlackFideId "5101018"]
[WhiteElo "2147"]
[BlackElo "2252"]
[Result "0-1"]
[Round "06"]
[TimeControl "180+1"]
[Date "2022.11.02"]
[WhiteClock "0:02:07"]
[BlackClock "0:02:36"]

1. e4 e5 2. Nf3 Nc6 3. d4 exd4 4. Bc4 Bc5 5. c3 d6 6. cxd4 Bb6 7. O-O Nf6 8. h3 O-O 9. Nc3 Nxe4 10. Nxe4 d5 11. Bg5 Qd7 12. Ne5 Nxe5 13. dxe5 dxe4 14. Qe2 Qf5 15. Bh4 Qxe5 16. Bg3 Qxg3 0-1


[Site "https://www.chess.com"]

[Event "Titled Tuesday Blitz November 01 Early 2022"]
[White "Adnan, Habib"]
[Black "Bashirli, Saadat"]
[WhiteFideId "11202270"]
[BlackFideId "13429990"]
[WhiteElo "2110"]
[BlackElo "1408"]
[Result "1/2-1/2"]
[Round "06"]
[TimeControl "180+1"]
[Date "2022.11.02"]
[WhiteClock "0:00:28"]
[BlackClock "0:00:10"]

1. d4 d5 2. c4 e6 3. g3 c6 4. Bg2 dxc4 5. Nf3 b5 6. O-O Bb7 7. Ne5 Nf6 8. b3 cxb3 9. Qxb3 Bd6 10. Nc3 a6 11. a4 b4 12. a5 Qc7 13. Nc4 O-O 14. Na4 Nbd7 15. e4 e5 16. f4 exd4 17. e5 Nxe5 18. Nxd6 Qxd6 19. fxe5 Qxe5 20. Bf4 Qb5 21. Rfc1 Nd7 22. Bd6 Rfe8 23. Qxb4 Qxb4 24. Bxb4 Ne5 25. Nc5 Rab8 26. Re1 f6 27. Rad1 Red8 28. Ne6 Rd7 29. Rxd4 Rxd4 30. Nxd4 Nd3 31. Bd6 Rd8 32. Rd1 Rxd6 33. Rxd3 c5 34. Bxb7 cxd4 35. Kg2 Kf7 36. Kf3 Ke6 37. Ke4 f5+ 38. Kf4 Kf6 39. h4 g6 40. Rb3 h6 41. Rb6 g5+ 42. hxg5+ hxg5+ 43. Kf3 Rxb6 44. axb6 Ke6 45. Bd5+ Kd6 46. b7 Kc7 47. Ke2 a5 48. Kd3 a4 49. Kxd4 a3 50. Ke5 f4 51. gxf4 gxf4 52. Kxf4 a2 53. Bxa2 Kxb7 1/2-1/2


[Site "https://www.chess.com"]

[Event "Titled Tuesday Blitz November 01 Early 2022"]
[White "Al-Tarboush, Ward"]
[Black "Karas, Marek"]
[WhiteFideId "7601450"]
[BlackFideId "14928558"]
[WhiteElo "2269"]
[BlackElo "2220"]
[Result "1-0"]
[Round "06"]
[TimeControl "180+1"]
[Date "2022.11.02"]
[WhiteClock "0:00:52"]
[BlackClock "0:00:01"]

1. e4 e6 2. d4 d5 3. exd5 exd5 4. Bd3 c5 5. Nf3 c4 6. Be2 Nf6 7. O-O Bd6 8. b3 cxb3 9. axb3 O-O 10. c4 Nc6 11. Nc3 b6 12. Bg5 dxc4 13. bxc4 Bb7 14. Nd5 Be7 15. Nxe7+ Qxe7 16. d5 Nb8 17. Re1 Qd6 18. Nd4 Nbd7 19. Nf5 Qc7 20. Bd3 Rfe8 21. Ne7+ Kf8 22. Nf5 Rxe1+ 23. Qxe1 Re8 24. Qb4+ Qc5 25. Bd2 a5 26. Qb2 Ne5 27. Bf1 Nxc4 28. Bxc4 Qxc4 29. Bh6 Qxd5 30. Qa3+ Kg8 31. Qg3 g6 32. Ne3 Qe5 33. Qxe5 Rxe5 34. Rd1 Re8 35. Rd6 Nd5 36. h4 Nxe3 37. fxe3 Ra8 38. Rxb6 Bd5 39. Bg5 a4 40. Bf6 a3 41. Ba1 a2 42. Kf2 Be6 43. Ke2 Rc8 44. Kd2 h6 45. Bd4 g5 46. hxg5 hxg5 47. Ra6 Kh7 48. Bc3 Rb8 49. Kc2 Rb1 50. Bd4 Rg1 51. Kd3 Rxg2 52. Ke4 Kg6 53. Ra8 Rg4+ 54. Kf3 Rh4 55. Rg8+ Kf5 56. Rd8 Rh3+ 57. Kg2 g4 58. Rg8 Ke4 59. Ra8 Kd3 60. Ra3+ Ke4 61. Ra5 Rf3 62. Ra3 Rf5 63. Kg3 Rb5 64. Ba7 Rb1 65. Bd4 Rb5 66. Ba7 Kf5 67. Ra4 Kg6 68. Bd4 Rb1 69. Ra5 Rg1+ 70. Kf2 Rb1 71. Kg3 Bd7 72. Kf4 Be6 73. Rg5+ Kh7 74. Ra5 Kg6 75. Rg5+ Kh6 76. Ra5 Rf1+ 77. Kg3 Rf3+ 78. Kg2 Kg6 79. Ra6 Kf5 80. Ra5+ Ke4 81. Ra3 Rf5 82. Ra4 Kd3 83. Ra3+ Kc4 84. Ra4+ Kb3 85. Ra7 Rb5 86. Kg3 Kc2 87. Rc7+ Kd3 88. Ra7 Rb3 89. Rxa2 Ke4 90. Rf2 Rb5 91. Rf4+ Kd3 92. Rf6 Rb3 93. Rf1 Ke4 94. Rf4+ Kd5 95. Rf1 Rd3 96. Rc1 Rb3 97. Rc2 Ke4 98. Rc5 Rb1 99. Kf2 Rd1 100. Ke2 Rb1 101. Re5# 1-0


[Site "https://www.chess.com"]

[Event "Titled Tuesday Blitz November 01 Early 2022"]
[White "Arbunic Castro, Giovanna"]
[Black "Rose, Felix"]
[WhiteFideId "3400549"]
[BlackFideId "5105722"]
[WhiteElo "1838"]
[BlackElo "2039"]
[Result "0-1"]
[Round "06"]
[TimeControl "180+1"]
[Date "2022.11.02"]
[WhiteClock "0:00:04"]
[BlackClock "0:00:06"]

1. e4 c5 2. g3 d5 3. exd5 Qxd5 4. Nf3 Bg4 5. Bg2 Qe4+ 6. Kf1 Nc6 7. d3 Qd5 8. Nc3 Qd7 9. Be3 e6 10. h3 Bh5 11. Ne4 b6 12. c3 O-O-O 13. d4 cxd4 14. cxd4 e5 15. Rc1 Kb8 16. d5 Nb4 17. Nxe5 Bxd1 18. Nxd7+ Rxd7 19. Bf4+ Kb7 20. Rxd1 Ka6 21. Nc3 Nf6 22. a3 Nbxd5 23. Nxd5 Bc5 24. Nb4+ Bxb4 25. Rxd7 Nxd7 26. axb4 Kb5 27. Bd6 Nf6 28. Ke2 Re8+ 29. Kf3 Re6 30. Rd1 Ne4 31. Bf4 Kxb4 32. Bd2+ Kb3 33. Bc3 Nxc3 34. bxc3 Kxc3 35. Kf4 b5 36. Bd5 Rd6 37. Ke5 Rd8 38. Rc1+ Kb2 39. Bxf7 Kxc1 40. Ke6 b4 41. Ke7 Rb8 42. f4 b3 43. Bxb3 Rxb3 44. Kf8 Rxg3 45. f5 a5 0-1


[Site "https://www.chess.com"]

[Event "Titled Tuesday Blitz November 01 Early 2022"]
[White "Ardila, Oscar Humberto"]
[Black "Bagwe Gaurang"]
[WhiteFideId "4404742"]
[BlackFideId "45039895"]
[WhiteElo "1898"]
[BlackElo "1931"]
[Result "0-1"]
[Round "06"]
[TimeControl "180+1"]
[Date "2022.11.02"]
[WhiteClock "0:01:17"]
[BlackClock "0:01:53"]

1. d4 f5 2. c4 Nf6 3. Nc3 g6 4. Nf3 Bg7 5. Bg5 O-O 6. e3 d6 7. d5 e5 8. dxe6 Bxe6 9. Nd4 Bf7 10. Be2 Nc6 11. O-O h6 12. Bh4 g5 13. Bg3 Nxd4 14. Qxd4 Nh5 15. Qd3 f4 16. exf4 gxf4 17. Bxh5 Bxh5 18. Qd5+ Bf7 19. Qxb7 fxg3 20. hxg3 Rb8 21. Qxa7 Bxc4 22. Rfe1 Rxb2 23. Qe3 Rfxf2 24. Nd1 Rxg2+ 25. Kh1 Rh2+ 26. Kg1 Rbg2# 0-1


[Site "https://www.chess.com"]

[Event "Titled Tuesday Blitz November 01 Early 2022"]
[White "Atabayev, Yusup"]
[Black "Manelyuk, Daniil"]
[WhiteFideId "14001128"]
[BlackFideId "44173920"]
[WhiteElo "2788"]
[BlackElo "2590"]
[Result "1-0"]
[Round "06"]
[TimeControl "180+1"]
[Date "2022.11.02"]
[WhiteClock "0:01:26"]
[BlackClock "0:00:02"]

1. e4 e6 2. d4 d5 3. e5 c5 4. c3 Nc6 5. Nf3 Qb6 6. Bd3 Bd7 7. dxc5 Bxc5 8. O-O a5 9. Qe2 Nge7 10. Nbd2 a4 11. b4 axb3 12. Nxb3 O-O 13. Bxh7+ Kxh7 14. Ng5+ Kg6 15. Qd3+ Nf5 16. g4 Nxe5 17. gxf5+ exf5 18. Qg3 Ng4 19. Nxc5 Qxc5 20. h3 Ra4 21. Nf3 Kh7 22. Kh1 Kg8 23. Nd4 Nf6 24. Rg1 g6 25. Bh6 Ne4 26. Qe5 f6 27. Qf4 Qxc3 28. Rxg6+ Kf7 29. Rg7+ Ke8 30. Rc1 Qxh3+ 31. Kg1 Rxd4 32. Qb8+ Bc8 33. Qxc8# 1-0


[Site "https://www.chess.com"]

[Event "Titled Tuesday Blitz November 01 Early 2022"]
[White "Aung Thant Zin"]
[Black "Besedes, Danilo"]
[WhiteFideId "13000063"]
[BlackFideId "946796"]
[WhiteElo "2278"]
[BlackElo "2352"]
[Result "0-1"]
[Round "06"]
[TimeControl "180+1"]
[Date "2022.11.02"]
[WhiteClock "0:00:18"]
[BlackClock "0:00:36"]

1. e4 d6 2. d4 e5 3. Nf3 Nc6 4. Bb5 exd4 5. Nxd4 Ne7 6. O-O Bd7 7. Nc3 a6 8. Bc4 Nxd4 9. Qxd4 Nc6 10. Qd1 Be7 11. Nd5 O-O 12. Nxe7+ Qxe7 13. Re1 Kh8 14. Bd2 Rae8 15. Bc3 Qh4 16. f3 f5 17. exf5 Qxc4 18. f6 Rxe1+ 19. Qxe1 gxf6 20. Rd1 Ne5 21. Rd4 Qc5 22. Kh1 Rg8 23. Qh4 Rg6 24. f4 Bc6 25. Rd2 Nd7 26. Re2 Qc4 0-1


[Site "https://www.chess.com"]

[Event "Titled Tuesday Blitz November 01 Early 2022"]
[White "Azarov, Sergei"]
[Black "Lopez, Henry"]
[WhiteFideId "13501470"]
[BlackFideId "5203830"]
[WhiteElo "2770"]
[BlackElo "2571"]
[Result "1-0"]
[Round "06"]
[TimeControl "180+1"]
[Date "2022.11.02"]
[WhiteClock "0:00:02"]
[BlackClock "0:00:01"]

1. e4 c5 2. Nf3 d6 3. d4 cxd4 4. Nxd4 Nf6 5. Nc3 a6 6. Bg5 e6 7. f4 Be7 8. Qf3 Qc7 9. O-O-O Nbd7 10. f5 Ne5 11. Qh3 Qd7 12. Be2 O-O 13. Kb1 b5 14. a3 Rb8 15. g4 b4 16. axb4 Rxb4 17. Bc1 Qb7 18. Qg2 Nc4 19. Nb3 Ne5 20. Rd4 Rxd4 21. Nxd4 Ne8 22. g5 exf5 23. Nd5 fxe4 24. Qxe4 Bd8 25. Rd1 Nc7 26. Nc3 Re8 27. Qxb7 Bxb7 28. Nf5 Rf8 29. Nxd6 Bf3 30. Bf4 Bxe2 31. Nxe2 Ng6 32. Bc1 Ne6 33. Ne4 Bc7 34. N2g3 Rd8 35. Rxd8+ Nxd8 36. c4 a5 37. Kc2 Ne6 38. Kb3 Ne5 39. Nf5 Nd3 40. Bd2 Ndc5+ 41. Nxc5 Nxc5+ 42. Kc2 g6 43. Ne7+ Kf8 44. Nd5 Bd8 45. b4 Ne4 46. b5 Ke8 47. h4 Kd7 48. Bf4 Nc5 49. Be3 Ne4 50. c5 Ke6 51. Nc3 Ng3 52. b6 Kd7 53. b7 Bc7 54. Nd5 Bb8 55. Nf6+ Kc6 56. Nxh7 Nf5 57. Bf2 Kxb7 58. Kd3 Kc6 59. Kc4 Ba7 60. Nf6 Bxc5 61. Bxc5 Nxh4 62. Nd5 Nf3 63. Be3 Ne5+ 64. Kd4 Nf3+ 65. Ke4 Nh4 66. Nc3 1-0


[Site "https://www.chess.com"]

[Event "Titled Tuesday Blitz November 01 Early 2022"]
[White "Baches Garcia, Guillermo"]
[Black "Zaichenko, Daria"]
[WhiteFideId "2209764"]
[BlackFideId "4197453"]
[WhiteElo "2447"]
[BlackElo "2039"]
[Result "0-1"]
[Round "06"]
[TimeControl "180+1"]
[Date "2022.11.02"]
[WhiteClock "0:01:07"]
[BlackClock "0:01:52"]

1. e4 c5 2. Nf3 Nc6 3. d4 cxd4 4. Nxd4 Nf6 5. Nc3 d6 6. Nd5 Nxd4 7. Nxf6+ gxf6 8. Qxd4 Bd7 9. Be2 Bg7 10. Qd3 O-O 11. O-O Kh8 12. c4 Rc8 13. Be3 Qa5 14. c5 a6 15. b4 Qa4 16. Qd2 f5 17. Bd4 e5 18. Bb2 dxc5 19. Qxd7 Qxd7 0-1


[Site "https://www.chess.com"]

[Event "Titled Tuesday Blitz November 01 Early 2022"]
[White "Barbashin, Igor"]
[Black "Troltenier, Dirk"]
[WhiteFideId "4155718"]
[BlackFideId "4606400"]
[WhiteElo "2138"]
[BlackElo "2321"]
[Result "0-1"]
[Round "06"]
[TimeControl "180+1"]
[Date "2022.11.02"]
[WhiteClock "0:00:01"]
[BlackClock "0:00:11"]

1. d4 d5 2. c4 c6 3. Nc3 Nf6 4. Nf3 e6 5. g3 dxc4 6. a4 Nbd7 7. Bg2 Bb4 8. O-O O-O 9. Nd2 Nb6 10. a5 Nbd5 11. Qc2 Bxa5 12. Nxc4 Bc7 13. e4 Nxc3 14. bxc3 b5 15. Ne5 Bb7 16. Ba3 Re8 17. f4 Bd6 18. Nxc6 Bxc6 19. Bxd6 Qxd6 20. e5 Qd7 21. exf6 gxf6 22. f5 e5 23. d5 Bb7 24. Be4 Qd6 25. Rfd1 Rec8 26. Qe2 Qb6+ 27. Kg2 Rxc3 28. d6 Bxe4+ 29. Qxe4 Rd8 30. d7 Qc5 31. Ra6 Rc2+ 32. Kh3 Qf2 33. Qg4+ Kf8 34. Qh4 Qxf5+ 35. Qg4 Rxh2+ 0-1


[Site "https://www.chess.com"]

[Event "Titled Tuesday Blitz November 01 Early 2022"]
[White "Biastoch, Bennet"]
[Black "Yeletsky, Ivan"]
[WhiteFideId "12939889"]
[BlackFideId "24180327"]
[WhiteElo "2221"]
[BlackElo "2391"]
[Result "0-1"]
[Round "06"]
[TimeControl "180+1"]
[Date "2022.11.02"]
[WhiteClock "0:01:22"]
[BlackClock "0:01:25"]

1. e4 Nf6 2. e5 Nd5 3. c4 Nb6 4. d4 d6 5. exd6 exd6 6. Nc3 Be7 7. Bd3 O-O 8. Nge2 Nc6 9. O-O Bf6 10. Be3 Nb4 11. Rc1 d5 12. c5 Nxd3 13. Qxd3 Nc4 14. b3 Nxe3 15. Qxe3 c6 16. h3 Re8 17. Qd3 g6 18. Ng3 h5 19. b4 Kg7 20. a4 h4 21. Nge2 Bf5 22. Qf3 a5 23. b5 Qc7 24. Rfd1 Re7 25. Nf4 Bg5 26. g3 hxg3 27. fxg3 Bxf4 28. gxf4 Rae8 29. Kf2 Re4 30. Nxe4 Rxe4 31. Rc3 Rxf4 32. Re1 Rxf3+ 33. Rxf3 Qh2+ 34. Ke3 Be4 35. Rf2 Qg3+ 0-1


[Site "https://www.chess.com"]

[Event "Titled Tuesday Blitz November 01 Early 2022"]
[White "Blokhin, Sofia"]
[Black "Silva Lucena, Cristian"]
[WhiteFideId "4508190"]
[BlackFideId "2232588"]
[WhiteElo "2005"]
[BlackElo "2223"]
[Result "0-1"]
[Round "06"]
[TimeControl "180+1"]
[Date "2022.11.02"]
[WhiteClock "0:00:15"]
[BlackClock "0:00:38"]

1. e4 c5 2. Nf3 e6 3. d4 cxd4 4. Nxd4 Nc6 5. Nc3 Qc7 6. a3 a6 7. Be3 Nf6 8. f3 b5 9. Qd2 Nxd4 10. Qxd4 Bb7 11. O-O-O Rc8 12. Kb1 Bxa3 13. e5 Nd5 14. Nxd5 Bxd5 15. c4 bxc4 16. bxa3 Rb8+ 17. Ka1 Rb3 18. Qc5 Qxe5+ 19. Bd4 Qb8 20. Bxg7 Rg8 21. Bf6 d6 22. Qa5 Rg6 23. Bd4 c3 24. Bxc3 Qc8 25. Bb4 Qc2 26. Qa4+ Bc6 27. Bd3 Qb2# 0-1


[Site "https://www.chess.com"]

[Event "Titled Tuesday Blitz November 01 Early 2022"]
[White "Bogaudinov, Rushan"]
[Black "Melikyan, Gnel"]
[WhiteFideId "4129288"]
[BlackFideId "54109990"]
[WhiteElo "1945"]
[BlackElo "2138"]
[Result "0-1"]
[Round "06"]
[TimeControl "180+1"]
[Date "2022.11.02"]
[WhiteClock "0:00:08"]
[BlackClock "0:00:38"]

1. e4 c5 2. Nf3 Nc6 3. Bb5 g6 4. Bxc6 dxc6 5. O-O Bg7 6. Re1 Nf6 7. e5 Nd5 8. h3 O-O 9. Nc3 Bf5 10. d3 c4 11. dxc4 Nxc3 12. bxc3 Qa5 13. Bd2 c5 14. g4 Be6 15. Qe2 Qa4 16. Ng5 Bxc4 17. Qe4 h6 18. Nf3 Rfd8 19. Bf4 Qa6 20. g5 Bd5 21. Qe3 h5 22. Nd2 Qe6 23. Kh2 Qf5 24. Rac1 Bc6 25. Nf3 b6 26. Nh4 Qe6 27. a3 Qc4 28. Rcd1 Rd5 29. e6 Rxd1 30. exf7+ Qxf7 31. Rxd1 Rf8 32. Bg3 Kh7 33. Re1 e5 34. Bxe5 Bxe5+ 35. Kg1 Bg7 36. Rf1 Qd5 37. f3 Qe5 38. Qxe5 Bxe5 39. Re1 Re8 40. Kf1 Bxc3 41. Rd1 Bb5+ 42. Kg2 Re2+ 43. Kg3 Be1+ 44. Kf4 Bxh4 45. c4 Bxc4 46. a4 Re7 47. a5 Rf7+ 48. Ke5 Bxg5 49. axb6 axb6 50. h4 Re7+ 51. Kd6 Bxh4 52. Rh1 Bg3+ 53. Kxe7 Kh6 0-1


[Site "https://www.chess.com"]

[Event "Titled Tuesday Blitz November 01 Early 2022"]
[White "Bongo Akanga Ndjila, Barthelemy"]
[Black "Orzech, Dominik"]
[WhiteFideId "10609431"]
[BlackFideId "1115065"]
[WhiteElo "1768"]
[BlackElo "2272"]
[Result "0-1"]
[Round "06"]
[TimeControl "180+1"]
[Date "2022.11.02"]
[WhiteClock "0:00:19"]
[BlackClock "0:00:12"]

1. d4 Nf6 2. c4 g6 3. Nc3 Bg7 4. e4 O-O 5. Be2 d6 6. Nf3 c5 7. d5 a6 8. a4 e6 9. O-O exd5 10. cxd5 Re8 11. Nd2 Nbd7 12. f3 Qc7 13. Nc4 Ne5 14. Nxe5 Rxe5 15. Bf4 Re8 16. h3 Rb8 17. a5 b5 18. axb6 Rxb6 19. Qc2 Nd7 20. Bc4 Ne5 21. b3 Bd7 22. Rxa6 Nxc4 23. Rxb6 Nxb6 24. Ra1 Ra8 25. Rb1 Be8 26. Ne2 Qe7 27. b4 Nd7 28. b5 Nb6 29. Nc1 Be5 30. Be3 Bg7 31. Nb3 Be5 32. Nd2 Ra4 33. f4 Bg7 34. Kh2 Qa7 35. Qd1 Ra2 36. Qg4 Qa4 37. e5 Qc2 38. exd6 Nc4 39. d7 Bxd7 40. Qxd7 Nxe3 41. Qe8+ Bf8 42. Qxe3 Qxd2 43. Qxd2 Rxd2 44. b6 Bd6 45. b7 Bb8 46. Kg3 Rxd5 47. Rb6 Rd7 48. Rb5 Rc7 49. Kf3 c4 50. Ke2 c3 51. Kd1 c2+ 52. Kc1 Rc4 53. f5 Bf4+ 54. Kb2 c1=Q+ 55. Kb3 Qc2+ 56. Ka3 Ra4# 0-1


[Site "https://www.chess.com"]

[Event "Titled Tuesday Blitz November 01 Early 2022"]
[White "Bortnyk, Olexandr"]
[Black "Fier, Alexandr"]
[WhiteFideId "14120828"]
[BlackFideId "2107139"]
[WhiteElo "2723"]
[BlackElo "2607"]
[Result "1-0"]
[Round "06"]
[TimeControl "180+1"]
[Date "2022.11.01"]
[WhiteClock "0:00:32"]
[BlackClock "0:00:57"]

1. d4 Nf6 2. Nc3 c5 3. e3 cxd4 4. exd4 g6 5. Bf4 d6 6. Qd2 a6 7. Be2 Nbd7 8. Bf3 Rb8 9. Nge2 Bg7 10. Bh6 O-O 11. h4 b5 12. h5 b4 13. Nd5 e6 14. Bxg7 Kxg7 15. Nxb4 Qb6 16. Nd3 Bb7 17. hxg6 fxg6 18. Qh6+ Kg8 19. O-O-O Bxf3 20. gxf3 e5 21. Rdg1 Kf7 22. Qg5 Rg8 23. Rh4 Qb5 24. Nc3 Qc6 25. Ne4 Rbc8 26. c3 Rce8 27. Nxf6 Nxf6 28. dxe5 Nd5 29. Rxh7+ Kf8 30. Qh6+ 1-0


[Site "https://www.chess.com"]

[Event "Titled Tuesday Blitz November 01 Early 2022"]
[White "Brown, Andrew"]
[Black "Levine, David"]
[WhiteFideId "3206513"]
[BlackFideId "2011611"]
[WhiteElo "2245"]
[BlackElo "2214"]
[Result "1-0"]
[Round "06"]
[TimeControl "180+1"]
[Date "2022.11.02"]
[WhiteClock "0:01:16"]
[BlackClock "0:00:53"]

1. d4 d5 2. c4 dxc4 3. e4 e5 4. Nf3 Bb4+ 5. Nc3 exd4 6. Qxd4 Qxd4 7. Nxd4 Nf6 8. e5 Nd5 9. Bd2 Be6 10. Nxe6 fxe6 11. Bxc4 c6 12. Ne4 Bxd2+ 13. Kxd2 O-O 14. g3 h6 15. f4 Nd7 16. h4 N7b6 17. Bb3 Rad8 18. Ke2 Kf7 19. Nd6+ Ke7 20. Nxb7 Nb4 21. Nxd8 1-0


[Site "https://www.chess.com"]

[Event "Titled Tuesday Blitz November 01 Early 2022"]
[White "Bryakin, Mikhail"]
[Black "Gurevich, Dmitry"]
[WhiteFideId "4165314"]
[BlackFideId "2000407"]
[WhiteElo "2788"]
[BlackElo "2592"]
[Result "1-0"]
[Round "06"]
[TimeControl "180+1"]
[Date "2022.11.02"]
[WhiteClock "0:00:05"]
[BlackClock "0:00:03"]

1. Nf3 Nf6 2. b3 g6 3. Bb2 Bg7 4. g3 O-O 5. Bg2 c5 6. c4 Nc6 7. O-O b6 8. Nc3 Bb7 9. d4 Nxd4 10. Nxd4 Bxg2 11. Kxg2 cxd4 12. Qxd4 Qc7 13. e4 d6 14. Rab1 Rfe8 15. Nd5 Qb7 16. Qd3 Nxd5 17. exd5 Bxb2 18. Rxb2 e5 19. Re2 Re7 20. Rfe1 Rae8 21. a4 a5 22. f4 exf4 23. gxf4 Rxe2+ 24. Rxe2 Rxe2+ 25. Qxe2 Qd7 26. Qe3 Qg4+ 27. Kf2 Qh4+ 28. Kg2 Qg4+ 29. Kf1 Qd1+ 30. Kf2 Qc2+ 31. Kg3 h5 32. Qxb6 Qd3+ 33. Kf2 Qc2+ 34. Kf3 Qd1+ 35. Kf2 Qc2+ 36. Kg3 Qd3+ 37. Kh4 Qf3 38. Kg5 Qg4+ 39. Kf6 Qxf4+ 40. Ke7 Qxh2 41. Qxd6 Qe2+ 42. Kd8 h4 43. c5 h3 44. c6 h2 45. c7 h1=Q 46. c8=Q Kg7 47. Qc3+ Kh7 48. Qcf6 Qhf3 49. Qxf3 Qxf3 50. Qh2+ Kg7 51. Qb2+ f6 52. d6 Qa8+ 53. Kc7 Qa7+ 54. Kc6 Qa6+ 55. Kc5 Qa7+ 56. Kd5 Qb7+ 57. Kc5 Qa7+ 58. Kb5 Qb8+ 59. Kxa5 Qxd6 60. Qc3 g5 61. b4 g4 62. b5 g3 63. Qf3 Qc7+ 64. b6 Qc5+ 65. Ka6 Qf2 66. Qg4+ Kf7 67. b7 g2 68. b8=Q Qf1+ 69. Ka5 Qe1+ 70. Qbb4 g1=Q 71. Qd7+ Kg6 72. Qd3+ Kf7 73. Qh7+ Ke6 74. Qh3+ Kf7 75. Qh5+ Kg7 76. Qxe1 Qxe1+ 77. Kb5 Qb1+ 78. Ka6 Qd3+ 79. Qb5 1-0


[Site "https://www.chess.com"]

[Event "Titled Tuesday Blitz November 01 Early 2022"]
[White "Buscar, Michael"]
[Black "Goh, Zi Han"]
[WhiteFideId "2603616"]
[BlackFideId "5819156"]
[WhiteElo "2010"]
[BlackElo "2026"]
[Result "0-1"]
[Round "06"]
[TimeControl "180+1"]
[Date "2022.11.02"]
[WhiteClock "0:00:53"]
[BlackClock "0:01:10"]

1. d4 Nf6 2. c4 g6 3. Nc3 Bg7 4. e4 d6 5. Nf3 O-O 6. Be2 e5 7. Be3 Nc6 8. d5 Ne7 9. O-O Ng4 10. Bg5 h6 11. Bh4 g5 12. Bg3 f5 13. exf5 Nxf5 14. Ne1 Nf6 15. Nc2 Qe8 16. b4 h5 17. f3 h4 18. Bf2 Nh5 19. Ne4 Nf4 20. Nxg5 Qg6 21. g3 Qxg5 22. Kh1 hxg3 23. hxg3 Nxg3+ 24. Bxg3 Qxg3 0-1


[Site "https://www.chess.com"]

[Event "Titled Tuesday Blitz November 01 Early 2022"]
[White "Caruana, Fabiano"]
[Black "Molina, Roberto Junio Brito"]
[WhiteFideId "2020009"]
[BlackFideId "2109450"]
[WhiteElo "2847"]
[BlackElo "2388"]
[Result "1-0"]
[Round "06"]
[TimeControl "180+1"]
[Date "2022.11.01"]
[WhiteClock "0:00:29"]
[BlackClock "0:00:03"]

1. c4 c6 2. d4 d5 3. e3 Bf5 4. Nf3 e6 5. Nc3 Nd7 6. Bd3 Bxd3 7. Qxd3 Ngf6 8. O-O Be7 9. b3 O-O 10. Bb2 a5 11. h3 Re8 12. Rfd1 Qb6 13. Rab1 Qa6 14. Ba1 Bb4 15. Ne2 Bd6 16. Qc2 Ne4 17. Nc3 Nxc3 18. Bxc3 a4 19. c5 axb3 20. Qxb3 Bf8 21. Qxb7 Ra7 22. Qxa6 Rxa6 23. Rb7 Rd8 24. Ra1 Be7 25. a4 Bf6 26. Ra3 Kf8 27. a5 Ke8 28. Ne1 Rda8 29. Nd3 Kd8 30. Nb4 Kc8 31. Nxa6 Kxb7 32. Nb4 Nb8 33. f3 Bd8 34. Nd3 Bc7 35. Kf2 Na6 36. e4 Kc8 37. Rb3 Rb8 38. Rxb8+ Nxb8 39. g4 Kb7 40. Bd2 Ka6 41. exd5 cxd5 42. f4 Kb5 43. Ke3 Nc6 44. f5 exf5 45. gxf5 g6 46. f6 Bd8 47. Ne5 Bxf6 48. Nxc6 Kxc6 49. a6 Bd8 50. Kf3 Bc7 51. Kg4 f6 52. Bh6 Bb8 53. Bg7 f5+ 54. Kg5 Kb5 55. Be5 Ba7 56. Kh6 Kxa6 57. Kxh7 g5 58. Kg6 g4 59. h4 Kb5 60. Kxf5 1-0


[Site "https://www.chess.com"]

[Event "Titled Tuesday Blitz November 01 Early 2022"]
[White "Celestino, Rafael Teixeira"]
[Black "Vasques, Antonio Pedro Freixial"]
[WhiteFideId "2108925"]
[BlackFideId "1908332"]
[WhiteElo "2443"]
[BlackElo "2243"]
[Result "1-0"]
[Round "06"]
[TimeControl "180+1"]
[Date "2022.11.02"]
[WhiteClock "0:02:09"]
[BlackClock "0:00:06"]

1. e4 c5 2. Nf3 Nc6 3. d4 cxd4 4. c3 d3 5. Bxd3 d6 6. c4 g6 7. Nc3 Bg7 8. O-O Nf6 9. Bg5 O-O 10. Re1 Qa5 11. Qd2 Bg4 12. Re3 Bxf3 13. Rxf3 Ne5 14. Rh3 Nxd3 15. Rxd3 Rac8 16. b3 1-0


[Site "https://www.chess.com"]

[Event "Titled Tuesday Blitz November 01 Early 2022"]
[White "Chigaev, Maksim"]
[Black "Agasarov, Benik"]
[WhiteFideId "4108116"]
[BlackFideId "13314823"]
[WhiteElo "2537"]
[BlackElo "2152"]
[Result "1-0"]
[Round "06"]
[TimeControl "180+1"]
[Date "2022.11.01"]
[WhiteClock "0:01:14"]
[BlackClock "0:00:04"]

1. Nf3 Nf6 2. c4 e6 3. g3 d5 4. Bg2 Be7 5. O-O O-O 6. b3 d4 7. e3 c5 8. Ne5 Nbd7 9. exd4 cxd4 10. Nxd7 Nxd7 11. d3 a5 12. Na3 Nc5 13. Re1 Bd7 14. Nc2 Bc6 15. Bxc6 bxc6 16. Qf3 Qd7 17. Bb2 Bf6 18. Ba3 Be7 19. Re5 a4 20. Bxc5 axb3 21. Bxe7 bxc2 22. Bxf8 Rxa2 23. Rc1 Qb7 24. Bd6 Qb1 25. Ree1 Ra1 26. Bf4 e5 27. Rxb1 Rxb1 28. Bc1 1-0


[Site "https://www.chess.com"]